 Dungeon Crawl Stone Soup version 0.24.0-1-gfbc8707 (console) character file.

Game seed: 4616098382305405545, levelgen mode: deterministic

30 slphil the Sneak (level 3, 19/19 HPs)
             Began as a Vampire Enchanter on Nov 5, 2019.
             Quit the game on level 2 of the Dungeon.
             The game lasted 00:08:52 (950 turns).

slphil the Sneak (Vampire Enchanter)                 Turns: 950, Time: 00:08:53

Health: 19/19      AC:  2    Str:  7    XL:     3   Next: 5%
Magic:  6/6        EV: 12    Int: 18    God:
Gold:   30         SH:  0    Dex: 14    Spells: 0/6 levels left

rFire    . . .     SeeInvis +   a - +1 dagger
rCold    + + .     Gourm    .   (no shield)
rNeg     + + +     Faith    .   h - +0 robe (curse)
rPois    ∞         Spirit   .   (no helmet)
rElec    .         Reflect  .   (no cloak)
rCorr    .         Harm     .   (no gloves)
MR       .....                  (no boots)
Stlth    +++++.....             (no amulet)
HPRegen  0.06/turn              f - ring of positive energy
MPRegen  0.10/turn              (no ring)

@: bloodless, regenerating quickly
A: no food, fangs 3, see invisible, unbreathing
a: Bat Form, Revivify


You were on level 2 of the Dungeon.
You were bloodless.

You visited 1 branch of the dungeon, and saw 2 of its levels.

You collected 30 gold pieces.

Inventory:

Hand Weapons
 a - a +1 dagger (weapon)
Missiles
 j - 3 atropa-tipped darts (quivered)
Armour
 b - a +0 robe
 h - a cursed +0 robe (worn)
Jewellery
 f - a ring of positive energy (left hand)
Scrolls
 c - a scroll of teleportation {unknown}
 e - 3 scrolls of enchant armour {unknown}
 i - a scroll of identify {unknown}
 k - a scroll of noise {unknown}
Potions
 d - a potion of agility {unknown}
 g - a potion of curing {unknown}


   Skills:
 + Level 1.8 Short Blades
 - Level 2.1 Dodging
 + Level 5.0 Stealth
 + Level 2.3 Spellcasting
 + Level 4.9 Hexes


You couldn't memorise any spells.
You knew the following spells:

 Your Spells              Type           Power        Failure   Level  Hunger
a - Corona                Hex            ###....      2%          1    N/A
b - Confuse               Hex            ###.....     7%          3    N/A
c - Ensorcelled Hibernat  Hex/Ice        ##....       10%         2    N/A

Your spell library contained the following spells:

 Spells                   Type           Power        Failure   Level  Hunger
 Tukima's Dance           Hex            ###.....     7%          3    N/A
 Dazzling Spray           Conj/Hex       ##....       19%         3    N/A

Dungeon Overview and Level Annotations

Branches:
Dungeon (2/15)

Altars:


Innate Abilities, Weirdness & Mutations

You do not eat.
You do not regenerate when monsters are visible.
You are frail without blood (-20% HP).
You can heal yourself when you bite living creatures.
You are immune to poison.
You have razor-sharp teeth.
You have supernaturally acute eyesight. (SInv)
You can survive without breathing.


Message History

j - 3 atropa-tipped darts You see here a rat corpse.
You open the door.
There is an open door here.
You open the door.
There is an open door here.
You see here a ration.
Done exploring.
Done exploring.
(D) Dungeon
Where to? (? - help)
What level of the Dungeon? (default 1, ? - help)
There is a stone staircase leading down here.
You climb downwards.
There is a stone staircase leading up here.
k - a scroll labeled OTHOOF XUECK
Okay, then.
Quiver which item? (- for none, * to show all) (? for menu, Esc to quit)
Okay, then.
Are you sure you want to abandon this character and quit the game? (Confirm with "yes".)

........#
######..#
#..# #..#
#######..#
.........#
#####...#
#...#
#.### #.#
#@# #.#
#.# ..#
.## #. #.
#.


There were no monsters in sight!

Vanquished Creatures
  2 leopard geckos (D:1)
  A ball python (D:1)
  3 bats (D:1)
  2 giant cockroaches (D:1)
  4 goblins (D:1)
  5 hobgoblins (D:1)
  2 frilled lizards (D:1)
  3 kobolds (D:1)
  4 rats (D:1)
26 creatures vanquished.

Notes
Turn   | Place    | Note
-------+----------+-------------------------------------------
     0 | D:1      | slphil the Vampire Enchanter began the quest for the Orb.
     0 | D:1      | Reached XP level 1. HP: 13/13 MP: 3/3
    70 | D:1      | Reached XP level 2. HP: 15/15 MP: 5/5
   779 | D:1      | Reached XP level 3. HP: 19/19 MP: 6/6
   784 | D:1      | Learned a level 3 spell: Confuse
   787 | D:1      | Learned a level 2 spell: Ensorcelled Hibernation
   827 | D:1      | Reached skill level 5 in Stealth
   950 | D:2      | Quit the game

Levels and vault maps discovered:
D:1:      psy_arrival_terrarium, layout_rooms, minivault_19
D:2:      layout_loops_ring, elyvilon_altar_1, okawaru_altar_gauntlet_db,
          uniq_robin

Skill      XL: |  1  2  3 |
---------------+----------+-----
Stealth        | 5 |  5.0
Short Blades   | |  1.8
Dodging        | |  2.1
Spellcasting   | |  2.3
Hexes          | |  4.9

Action                   || total
-------------------------++-------
Melee: Dagger            ||    78
       Bite              ||     5
 Abil: Exsanguinate      ||     1
 Stab: Sleeping          ||    14
Armor: Robe              ||     7
Dodge: Dodged            ||    39
